[Event "Eurasia Open Cup 2019"]
[Site "Ekaterinburg"]
[Date "2019.08.05"]
[Round "5.25"]
[White "Kezin, Roman"]
[Black "Larichev, Dmitry"]
[Result "1-0"]
[ECO "E09"]
[WhiteElo "2470"]
[BlackElo "2225"]
[Annotator "ChessBase"]
[PlyCount "74"]
[EventDate "2019.07.31"]
[EventType "swiss"]
[EventCountry "RUS"]
[SourceTitle "playchess.com"]
[Source "ChessBase"]
[SourceQuality "1"]
[TimeControl "5400+30"]

1. d4 Nf6 2. c4 e6 3. g3 d5 4. Bg2 Be7 5. Nf3 O-O 6. O-O c6 7. Qc2 Nbd7 8. Nbd2 b6 9. e4 dxe4 10. Nxe4 Nxe4 11. Qxe4 Bb7 12. Rd1 Nf6 13. Qc2 Qc8 14. c5 Rd8 15. Bd2 Nd5 16. Re1 h6 17. Rad1 Bf6 18. h4 Ne7 19. Bg5 Nd5 20. Bxf6 Nxf6 21. Ne5 Qc7 22. a3 Rac8 23. b4 Nd5 24. Qc1 Ba6 25. Qc2 Bb7 26. Bf3 Rf8 27. Rc1 Qd8 28. Qd2 Rc7 29. a4 Qc8 30. Rc2 Rd8 31. Rec1 Ne7 32. Be4 Nf5 33. Bxf5 exf5 34. Nc4 bxc5 35. bxc5 Ba6 36. Nd6 Qe6 37. Qa5 Bc8 1-0

[Event "Eurasia Open Cup 2019"]
[Site "Ekaterinburg"]
[Date "2019.08.05"]
[Round "5.26"]
[White "Kolay, Alex"]
[Black "Ulybin, Mikhail"]
[Result "0-1"]
[ECO "A70"]
[WhiteElo "2229"]
[BlackElo "2469"]
[Annotator "ChessBase"]
[PlyCount "118"]
[EventDate "2019.07.31"]
[EventType "swiss"]
[EventCountry "RUS"]
[SourceTitle "playchess.com"]
[Source "ChessBase"]
[SourceQuality "1"]
[TimeControl "5400+30"]

1. d4 e6 2. c4 Nf6 3. Nf3 c5 4. d5 exd5 5. cxd5 d6 6. Nc3 g6 7. e4 Bg7 8. Bd3 a6 9. a4 Bg4 10. h3 Bxf3 11. Qxf3 Nbd7 12. Bf4 Nh5 13. Bh2 Ne5 14. Qe2 Qg5 15. g3 Qf6 16. f4 Nxd3+ 17. Qxd3 O-O 18. Rd1 Rfe8 19. Kf2 Qd4+ 20. Kf3 Qb4 21. Qc2 b5 22. Rhe1 Bd4 23. Bg1 Bg7 24. Bh2 Nf6 25. Ra1 Nd7 26. axb5 axb5 27. Rxa8 Rxa8 28. g4 Bd4 29. Bg1 Qc4 30. Qe2 Qxe2+ 31. Kxe2 Bxc3 32. bxc3 f6 33. Rb1 Ra5 34. Kf3 Kf7 35. h4 h6 36. Be3 f5 37. gxf5 gxf5 38. e5 dxe5 39. fxe5 Nxe5+ 40. Kg3 b4 41. cxb4 Ra3 42. bxc5 Nc4 43. Kf4 Nxe3 44. Ke5 Rd3 45. d6 Rd5+ 46. Kf4 Nc4 47. h5 Rxc5 48. Rb7+ Kf6 49. Rh7 Nxd6 50. Rxh6+ Ke7 51. Rg6 Rc4+ 52. Ke5 Re4+ 53. Kd5 Ne8 54. h6 Nf6+ 55. Kc5 Rg4 56. h7 Nxh7 57. Rh6 Nf6 58. Rh2 Ke6 59. Re2+ Re4 0-1

[Event "Eurasia Open Cup 2019"]
[Site "Ekaterinburg"]
[Date "2019.08.05"]
[Round "5.27"]
[White "Lysenko, Margarita"]
[Black "Savitskiy, Sergey"]
[Result "1-0"]
[ECO "E69"]
[WhiteElo "2224"]
[BlackElo "2418"]
[Annotator "NA"]
[PlyCount "119"]
[EventDate "2019.07.31"]
[EventType "swiss"]
[EventCountry "RUS"]
[SourceTitle "playchess.com"]
[Source "ChessBase"]
[SourceQuality "1"]
[TimeControl "5400+30"]

1. d4 Nf6 2. c4 g6 3. Nf3 Bg7 4. g3 O-O 5. Bg2 d6 6. O-O Nbd7 7. Nc3 e5 8. e4 exd4 9. Nxd4 Nc5 10. Re1 a5 11. h3 Re8 12. Qc2 c6 13. Be3 a4 14. Rad1 Nfd7 15. f4 Qa5 16. Bf2 Nb6 17. Bf1 Qb4 18. a3 Qa5 19. Nb1 Bd7 20. b4 axb3 21. Nxb3 Qa4 22. Rxd6 Nxe4 23. Rxe4 Rxe4 24. Bxb6 Bf5 25. Qd1 Rae8 26. Rd8 h5 27. Rxe8+ Rxe8 28. N1d2 Qxa3 29. Bf2 Qb2 30. Qc1 Qa2 31. Nd4 Bd7 32. c5 Qa5 33. N2f3 Ra8 34. Ne5 Be8 35. Qc4 Qa4 36. Kg2 Bf8 37. Nxg6 Qxc4 38. Bxc4 Bxc5 39. Ne5 Rd8 40. Ne6 fxe6 41. Bxe6+ Kg7 42. Bxc5 Rd2+ 43. Kf3 Rc2 44. Nd3 Bf7 45. Bxf7 Kxf7 46. g4 Rc3 47. Ke4 Rc4+ 48. Ke5 Rc3 49. Kd4 Rc2 50. f5 hxg4 51. hxg4 Kf6 52. Bb6 Kg5 53. Ne5 Rd2+ 54. Ke4 Rd5 55. Be3+ Kf6 56. g5+ Ke7 57. g6 Kf6 58. Ng4+ Ke7 59. Bg5+ Kf8 60. Ne5 1-0

[Event "Eurasia Open Cup 2019"]
[Site "Ekaterinburg"]
[Date "2019.08.05"]
[Round "5.28"]
[White "Chigaeva, Anastasia"]
[Black "Pogromsky, Mikhail"]
[Result "0-1"]
[ECO "D95"]
[WhiteElo "2193"]
[BlackElo "2414"]
[Annotator "NA"]
[PlyCount "156"]
[EventDate "2019.07.31"]
[EventType "swiss"]
[EventCountry "RUS"]
[SourceTitle "playchess.com"]
[Source "ChessBase"]
[SourceQuality "1"]
[TimeControl "5400+30"]

1. d4 Nf6 2. c4 g6 3. Nc3 d5 4. e3 Bg7 5. Qb3 c6 6. Nf3 O-O 7. Qa3 $146 {[%emt 0:05:19] D95: Grünfeld: 4 Nf3 Bg7 5 e3 0-0 6 Qb3} ({Predecessor:} 7. Be2 e6 8. O-O Nbd7 9. Rd1 a6 10. a4 a5 11. Qc2 Re8 12. b3 b6 13. cxd5 exd5 14. Ba3 Bb7 15. Rac1 Bh6 {½-½ (50) Zubov,A (2597)-Kamsky,G (2666) St Petersburg 2018}) 7... a5 8. b3 Na6 9. Be2 Nb4 10. Qb2 Bf5 11. O-O Nd3 12. Qd2 Nxc1 13. Raxc1 Ne4 14. Qb2 Nxc3 15. Qxc3 Qd6 16. Rfd1 Rfc8 17. c5 Qc7 18. Ne5 f6 19. Nd3 e5 $11 20. Nb2 e4 21. Na4 Rf8 22. Nb6 Ra7 23. a3 Be6 24. f3 exf3 25. gxf3 f5 26. f4 h6 27. Qe1 g5 28. Qg3 g4 29. h4 Bf6 30. Kf2 Qe7 31. Rh1 Bf7 32. Bd3 Bg6 33. h5 Bh7 34. Rce1 Kf7 35. Kg2 Rg8 36. Kf2 Qe8 37. Kg2 Qe6 38. Qf2 Qe7 39. Qg3 Ke6 40. Qf2 Qf8 41. Qc2 Bd8 42. Na4 Bc7 43. Nb2 Ra8 44. Be2 Rg7 45. Nd3 Bg8 46. Ne5 Bxe5 47. dxe5 Ke7 48. Bd3 Be6 49. Rb1 Qc8 50. Qf2 Rf7 51. Qc2 Qd8 52. Kg3 Kf8 53. Rhd1 Qc7 54. Rbc1 Kg7 55. Rb1 b5 56. Be2 Rff8 57. Bxg4 Kh8 58. Bf3 Rg8+ 59. Kf2 Qe7 60. Rh1 Rg7 61. Rbg1 Rag8 62. Rxg7 Qxg7 63. Kf1 b4 64. a4 Bc8 65. Qf2 Qe7 66. Qc2 Ba6+ 67. Ke1 Qg7 68. Qf2 Qe7 69. Qc2 Qg7 70. Qf2 Bd3 71. Kd2 Be4 72. Bxe4 dxe4 73. Ke2 Rd8 74. Rg1 Qd7 75. Qh4 Qd2+ 76. Kf1 Qd1+ 77. Kg2 Qf3+ 78. Kh2 Rd2+ 0-1

[Event "Eurasia Open Cup 2019"]
[Site "Ekaterinburg"]
[Date "2019.08.05"]
[Round "5.29"]
[White "Pastukhov, Leonid"]
[Black "Radzhabov, Rodion"]
[Result "0-1"]
[ECO "A18"]
[WhiteElo "2215"]
[BlackElo "2404"]
[Annotator "NA"]
[PlyCount "90"]
[EventDate "2019.07.31"]
[EventType "swiss"]
[EventCountry "RUS"]
[SourceTitle "playchess.com"]
[Source "ChessBase"]
[SourceQuality "1"]
[TimeControl "5400+30"]

1. c4 Nf6 2. Nc3 e6 3. e4 d5 4. e5 Ne4 5. cxd5 exd5 6. Nxe4 dxe4 7. Qa4+ Nc6 8. Qxe4 Qd4 9. Qxd4 Nxd4 10. Bd3 Bf5 11. Bxf5 Nxf5 12. Nf3 O-O-O 13. O-O Bc5 14. Rb1 Nd4 15. Ng5 Rhe8 16. b4 Bb6 17. a4 a6 18. Bb2 h6 19. Bxd4 Bxd4 20. Nf3 Bxe5 21. Rfc1 Bf4 22. Rc2 Rd3 23. Kf1 g5 24. Rc3 Rd5 25. d3 Bd6 26. h3 f5 27. Nd2 b5 28. axb5 axb5 29. g4 Rd4 30. Rcb3 fxg4 31. hxg4 Rxg4 32. Ne4 Rf8 33. Ra1 Kb7 34. Rba3 Kc6 35. Rc1+ Kd7 36. Ra7 Bf4 37. Rc5 h5 38. Rxb5 h4 39. f3 Be3 40. Ke2 Rxe4 41. dxe4 Bxa7 42. Rxg5 Rh8 43. Rg2 h3 44. Rh2 Bg1 45. Rh1 h2 0-1

[Event "Eurasia Open Cup 2019"]
[Site "Ekaterinburg"]
[Date "2019.08.05"]
[Round "5.30"]
[White "Isaev, Anton"]
[Black "Bivol, Alina"]
[Result "1/2-1/2"]
[ECO "C01"]
[WhiteElo "2191"]
[BlackElo "2391"]
[Annotator "NA"]
[PlyCount "114"]
[EventDate "2019.07.31"]
[EventType "swiss"]
[EventCountry "RUS"]
[SourceTitle "playchess.com"]
[Source "ChessBase"]
[SourceQuality "1"]
[TimeControl "5400+30"]

1. e4 e6 2. d4 d5 3. exd5 exd5 4. Nf3 Nf6 5. Bg5 Be7 6. Bd3 Bg4 7. O-O O-O 8. Nbd2 c5 {[%emt 0:06:25] C01: French: Exchange Variation} (8... Nbd7 9. c3 h6 10. Bxf6 Bxf6 11. Qb3 Nb6 12. Rae1 Bxf3 13. Nxf3 Re8 14. Rxe8+ Qxe8 15. Re1 Qa4 16. Qxa4 Nxa4 17. Bc2 Nb6 18. Bd3 Na4 19. Bc2 Nb6 20. Bd3 Na4 {½-½ (20) Ghaem Maghami,E (2523)-Akopian,V (2667) Dubai 2018}) 9. dxc5 Bxc5 10. c3 Bb6 11. Qa4 $146 ({Predecessor:} 11. Qc2 h6 12. Bh4 Nc6 {½-½ (12) Fiorito,F (2470)-Zarnicki,P (2560) Villa Gesell 1997}) 11... Nbd7 12. Qxg4 Nxg4 13. Bxd8 Raxd8 14. Bf5 Ngf6 15. Nb3 g6 16. Bc2 Rfe8 17. Rfe1 Ne4 18. Nfd4 Ndf6 19. a4 a6 20. Bd3 Nd6 21. Nd2 Nd7 22. Kf1 Ne5 $11 23. Be2 Bxd4 24. cxd4 Nc6 25. Nb3 Nc4 26. Bxc4 Rxe1+ 27. Rxe1 dxc4 28. Nc5 b6 29. Nxa6 Rxd4 30. Ke2 c3 31. bxc3 Rxa4 32. Nc7 Ne5 33. h3 Ra2+ 34. Ke3 Ra5 35. Rd1 Nc4+ 36. Kd4 Nd6 37. Rb1 Nf5+ 38. Kd3 Rc5 39. Na6 Rc6 40. g4 Ne7 41. c4 Rd6+ 42. Ke3 g5 43. Nc7 Rh6 44. Nd5 Nc8 45. f3 Kg7 46. Rb3 Rxh3 47. Nxb6 Ne7 48. Nd5 Nc6 49. c5 h5 50. gxh5 g4 51. Ke4 Rxh5 52. f4 f5+ 53. Kd3 Rh3+ 54. Ne3 g3 55. Rb7+ Kf8 56. Rb1 Kf7 57. Kc4 Rh4 1/2-1/2

[Event "Eurasia Open Cup 2019"]
[Site "Ekaterinburg"]
[Date "2019.08.05"]
[Round "5.31"]
[White "Kanter, Eduard"]
[Black "Pogorelskikh, Sofia"]
[Result "1/2-1/2"]
[ECO "E94"]
[WhiteElo "2384"]
[BlackElo "2189"]
[Annotator "NA"]
[PlyCount "89"]
[EventDate "2019.07.31"]
[EventType "swiss"]
[EventCountry "RUS"]
[SourceTitle "playchess.com"]
[Source "ChessBase"]
[SourceQuality "1"]
[TimeControl "5400+30"]

1. d4 Nf6 2. c4 g6 3. Nc3 Bg7 4. e4 d6 5. Nf3 O-O 6. Be2 e5 7. O-O exd4 8. Nxd4 Re8 9. f3 Nc6 10. Be3 Nh5 11. Nxc6 bxc6 12. Qd2 Be5 13. f4 Bxc3 14. Qxc3 Nf6 $1 15. e5 $14 Ne4 16. Qc2 d5 17. cxd5 cxd5 18. Rac1 Be6 19. Bb5 Bd7 20. Bd3 Bf5 21. Rfd1 Qb8 22. b3 a5 23. Qc6 Qb4 24. Bf1 a4 25. Rd4 Qb6 26. Qxb6 cxb6 27. Rxa4 Rxa4 28. bxa4 Bd7 29. Bb5 Bxb5 30. axb5 Ra8 31. Bxb6 Rxa2 32. Bd4 Ra4 33. b6 Rb4 34. h3 Kg7 35. Rd1 Kf8 36. Rd3 Ke7 37. Be3 Ke6 38. g4 g5 39. fxg5 Kxe5 40. Kg2 Nd6 41. Bc5 Rb5 42. Bg1 Nc4 43. Rf3 Nxb6 44. Rxf7 d4 45. Rf5+ 1/2-1/2

[Event "Eurasia Open Cup 2019"]
[Site "Ekaterinburg"]
[Date "2019.08.05"]
[Round "5.32"]
[White "Bublei, Pavel"]
[Black "Eliseev, Mikhail"]
[Result "1-0"]
[ECO "E11"]
[WhiteElo "2353"]
[BlackElo "2173"]
[Annotator "NA"]
[PlyCount "121"]
[EventDate "2019.07.31"]
[EventType "swiss"]
[EventCountry "RUS"]
[SourceTitle "playchess.com"]
[Source "ChessBase"]
[SourceQuality "1"]
[TimeControl "5400+30"]

1. d4 Nf6 2. c4 e6 3. Nf3 Bb4+ 4. Nbd2 O-O 5. a3 Be7 6. e4 d6 7. Bd3 a5 8. O-O Nc6 9. b3 e5 10. Bb2 Re8 11. Re1 g6 12. d5 Nb8 13. c5 Nh5 14. Bf1 Na6 15. b4 Bg4 16. Qb3 Bf8 17. Nc4 axb4 18. axb4 Bxf3 19. Qxf3 Nxb4 20. Rxa8 Qxa8 21. cxd6 cxd6 22. Qb3 Na6 23. Ba3 Rd8 24. Qb6 Qb8 25. Na5 Qc7 26. Rb1 Nf6 27. Nxb7 Ra8 28. Bxa6 Qxb6 29. Rxb6 Nd7 30. Rc6 Nb8 31. Rc3 Rxa6 32. g3 Rb6 33. Na5 Kg7 34. Kg2 Ra6 35. Bb4 Rb6 36. Ba3 Ra6 37. Nb7 Rb6 38. Nd8 Ra6 39. Rc8 Rxa3 40. Rxb8 Ra7 41. h4 h5 42. Nc6 Rd7 43. f4 exf4 44. gxf4 Be7 45. Nxe7 Rxe7 46. e5 Rd7 47. Rb5 Kf8 48. Kf3 Ke7 49. Ke4 Ra7 50. exd6+ Kxd6 51. Rb6+ Kd7 52. Ke5 Ke7 53. Rc6 Kd7 54. Rd6+ Ke7 55. Rb6 Kd7 56. Rc6 Ke7 57. Rc7+ Rxc7 58. d6+ Kd7 59. dxc7 Kxc7 60. Kf6 Kd6 61. Kxf7 1-0

[Event "Eurasia Open Cup 2019"]
[Site "Ekaterinburg"]
[Date "2019.08.05"]
[Round "5.33"]
[White "Safin, Robert"]
[Black "Dilmukhametov, Artur"]
[Result "1/2-1/2"]
[ECO "E11"]
[WhiteElo "2188"]
[BlackElo "2346"]
[Annotator "NA"]
[PlyCount "57"]
[EventDate "2019.07.31"]
[EventType "swiss"]
[EventCountry "RUS"]
[SourceTitle "playchess.com"]
[Source "ChessBase"]
[SourceQuality "1"]
[TimeControl "5400+30"]

1. d4 e6 2. c4 Nf6 3. g3 d5 4. Nf3 Bb4+ 5. Bd2 a5 6. Qc2 dxc4 7. Qxc4 Nc6 8. Nc3 O-O 9. Bg2 a4 10. O-O Bd7 11. Ne5 Bxc3 $14 12. Bxc3 Nxe5 13. dxe5 Nd5 14. Bxd5 exd5 15. Qxd5 Qc8 16. Qd2 Bc6 17. Rad1 Qe6 18. a3 Rfe8 19. f3 Qe7 20. e4 Rad8 21. Qe3 Qe6 22. Rd2 Qb3 23. Rfd1 Rxd2 24. Qxd2 h6 25. Qd4 Qe6 26. Kg2 Qb3 27. Rd2 Qe6 28. h3 Re7 29. Kh2 1/2-1/2

[Event "Eurasia Open Cup 2019"]
[Site "Ekaterinburg"]
[Date "2019.08.05"]
[Round "5.34"]
[White "Ufimtsev, Egor"]
[Black "Pozin, Sergey"]
[Result "1-0"]
[ECO "E61"]
[WhiteElo "2148"]
[BlackElo "2299"]
[Annotator "NA"]
[PlyCount "81"]
[EventDate "2019.07.31"]
[EventType "swiss"]
[EventCountry "RUS"]
[SourceTitle "playchess.com"]
[Source "ChessBase"]
[SourceQuality "1"]
[TimeControl "5400+30"]

1. d4 g6 2. Nf3 Bg7 3. e3 Nf6 4. Be2 O-O 5. O-O d6 6. c4 Nbd7 7. Nc3 e5 8. Qc2 Re8 9. b4 Qe7 10. Bb2 e4 {[%emt 0:01:22] E61: King's Indian: Early deviations for White, including Smyslov System} 11. Nd2 h5 12. Rfc1 (12. Rac1 h4 13. Rfd1 h3 14. g3 c6 15. Nb3 a6 16. d5 cxd5 17. Nxd5 Nxd5 18. Rxd5 Bxb2 19. Qxb2 {0-1 (41) Lalith,B (2537)-Yu,Y (2724) Caleta 2015}) 12... c6 13. a4 Nf8 14. a5 Bf5 15. a6 b6 16. d5 $146 ({Predecessor:} 16. c5 dxc5 17. bxc5 bxc5 18. dxc5 {0-1 (24) Steiner,B (2194)-Sergeev,V (2410) Prague 2018}) 16... c5 17. bxc5 bxc5 18. Nb5 N8h7 19. Nb3 Ng4 20. Bxg7 Kxg7 21. Na5 Qh4 22. Bxg4 Bxg4 $18 (22... hxg4 $142 23. Nxd6 Rh8 24. Qc3+ Nf6) 23. Nxd6 Bf3 24. gxf3 Ng5 25. Nxe8+ Rxe8 26. f4 Nf3+ 27. Kf1 Qg4 28. Qc3+ Kg8 29. h3 Qxh3+ 30. Ke2 Qg4 31. Rh1 h4 32. Kd1 Qg2 33. Kc2 Qxf2+ 34. Kb3 Nd4+ 35. exd4 cxd4 36. Qe1 Qf3+ 37. Ka4 h3 38. Qf1 Qc3 39. Qxh3 d3 40. Qh7+ Kf8 41. Qh8+ 1-0

[Event "Eurasia Open Cup 2019"]
[Site "Ekaterinburg"]
[Date "2019.08.05"]
[Round "5.35"]
[White "Averyanov, Grigori"]
[Black "Semenova, Elena"]
[Result "1-0"]
[ECO "A36"]
[WhiteElo "2131"]
[BlackElo "2286"]
[Annotator "NA"]
[PlyCount "101"]
[EventDate "2019.07.31"]
[EventType "swiss"]
[EventCountry "RUS"]
[SourceTitle "playchess.com"]
[Source "ChessBase"]
[SourceQuality "1"]
[TimeControl "5400+30"]

1. c4 Nf6 2. Nc3 c5 3. g3 Nc6 4. Bg2 d6 5. d3 g6 6. e3 Bg7 7. Nge2 h5 8. h3 Bd7 9. Rb1 Qc8 10. Nf4 O-O 11. a3 Ne8 12. Qc2 Nc7 13. Bd2 Rb8 $14 14. b4 cxb4 15. axb4 b5 16. cxb5 Ne5 17. b6 axb6 18. O-O Nb5 19. Rbc1 Qd8 20. Qb3 Rc8 21. Nce2 Kh7 22. d4 Nc6 23. Rfd1 e5 24. dxe5 Nxe5 25. Be1 Bc6 26. Bxc6 Rxc6 27. Rxc6 Nxc6 28. Qd5 Nca7 29. Rc1 Qd7 30. Kh2 Re8 31. Qd3 Re5 32. Nd5 Qb7 33. Rd1 Re8 34. Ng1 Be5 35. Nf3 Nc7 36. Nxe5 Nxd5 37. Nc4 Nf6 38. Nxd6 Qe7 39. Nxe8 Qxe8 40. Bc3 Ne4 41. Qd4 Nxc3 42. Qxc3 Nc6 43. Qf6 b5 44. h4 Ne5 45. Kg1 Ng4 46. Qf4 Qe6 47. Rd8 Qa2 48. Rd7 Kg7 49. Qd4+ Kh7 50. e4 Qe6 51. Qd5 1-0

[Event "Eurasia Open Cup 2019"]
[Site "Ekaterinburg"]
[Date "2019.08.05"]
[Round "5.36"]
[White "Gabdrakhmanov, Azat"]
[Black "Garifullina, Leya"]
[Result "1-0"]
[ECO "A10"]
[WhiteElo "2111"]
[BlackElo "2268"]
[Annotator "ChessBase"]
[PlyCount "91"]
[EventDate "2019.07.31"]
[EventType "swiss"]
[EventCountry "RUS"]
[SourceTitle "playchess.com"]
[Source "ChessBase"]
[SourceQuality "1"]
[TimeControl "5400+30"]

1. c4 b6 2. b3 Bb7 3. Bb2 Nf6 4. Nf3 g6 5. d3 Bg7 6. e4 d6 7. g3 O-O 8. Bg2 e5 9. O-O c5 10. Nc3 Nc6 11. Nd5 Nxd5 12. exd5 Ne7 13. Qd2 h6 14. b4 f5 15. bxc5 bxc5 16. Rab1 Bc8 17. Nxe5 dxe5 18. d6 Rb8 19. dxe7 Qxe7 20. Ba3 Rxb1 21. Rxb1 Be6 22. Qe3 Rc8 23. Rb7 Qd6 24. Rxa7 e4 25. Bf1 g5 26. Rxg7+ Kxg7 27. Bb2+ Kf7 28. dxe4 Qd1 29. Qc3 Qd4 30. exf5 Bxf5 31. Qf3 Qe4 32. Qh5+ Bg6 33. Qxh6 Qb1 34. Qg7+ Ke6 35. Qe5+ Kf7 36. Qf6+ Ke8 37. Qe6+ Kd8 38. Bf6+ Kc7 39. Be5+ Kd8 40. Bd6 Rc6 41. Be7+ Kc7 42. Bd8+ Kxd8 43. Qxc6 Bf5 44. Qxc5 Bh3 45. Qxg5+ Kc7 46. Qg7+ 1-0

[Event "Eurasia Open Cup 2019"]
[Site "Ekaterinburg"]
[Date "2019.08.05"]
[Round "5.37"]
[White "Matsenko, Andrei"]
[Black "Novikov, Evgenij"]
[Result "1/2-1/2"]
[ECO "A13"]
[WhiteElo "2293"]
[BlackElo "2164"]
[Annotator "NA"]
[PlyCount "86"]
[EventDate "2019.07.31"]
[EventType "swiss"]
[EventCountry "RUS"]
[SourceTitle "playchess.com"]
[Source "ChessBase"]
[SourceQuality "1"]
[TimeControl "5400+30"]

1. Nf3 d5 2. e3 Nf6 3. c4 e6 4. b3 Be7 5. Bb2 c5 6. cxd5 exd5 7. Bb5+ {[%emt 0:00:16] A13: English Opening: 1...e6} (7. d4 Nc6 8. dxc5 Bxc5 9. Be2 Bb4+ 10. Nbd2 Ne4 11. a3 Bc3 12. Qc2 Qf6 13. Bxc3 Nxc3 14. Bd3 Ne4 {0-1 (31) Bacrot,E (2684)-Alekseenko,K (2637) chess.com INT 2019}) 7... Bd7 8. Bxd7+ Nbxd7 9. O-O b5 10. Nc3 $146 ({Predecessor:} 10. d4 c4 11. a4 a6 {½-½ (54) Sun,C (2034)-Nie,X (2280) Daqing 2018}) 10... a6 11. a4 Rb8 12. axb5 axb5 13. Qe2 Qb6 14. Ra2 O-O 15. Rfa1 b4 16. Nb1 Rfc8 17. d3 Qc6 18. Nbd2 Ra8 19. e4 d4 $11 20. Nc4 Rxa2 21. Rxa2 Ra8 22. Bc1 Ra6 23. Qb2 Qa8 24. Rxa6 Qxa6 25. Bg5 Bf8 26. g3 Ne8 27. Bf4 Be7 28. Kg2 Bd8 29. Nce5 Nxe5 30. Nxe5 Bc7 31. Nc4 Bxf4 32. gxf4 Qg6+ 33. Kf1 Qh5 34. Qe2 Qxh2 35. Qg4 Qh6 36. Qc8 Qe6 37. Qxc5 Qh3+ 38. Ke1 Qxd3 39. Qe7 Qc3+ 40. Ke2 Qc2+ 41. Ke1 Qc1+ 42. Ke2 Qc2+ 43. Ke1 Qc1+ 1/2-1/2

[Event "Eurasia Open Cup 2019"]
[Site "Ekaterinburg"]
[Date "2019.08.05"]
[Round "5.38"]
[White "Kolomensky, Vladimir"]
[Black "Tunik, Gennady"]
[Result "0-1"]
[ECO "B46"]
[WhiteElo "2101"]
[BlackElo "2371"]
[Annotator "NA"]
[PlyCount "122"]
[EventDate "2019.07.31"]
[EventType "swiss"]
[EventCountry "RUS"]
[SourceTitle "playchess.com"]
[Source "ChessBase"]
[SourceQuality "1"]
[TimeControl "5400+30"]

1. e4 c5 2. Nf3 e6 3. d4 cxd4 4. Nxd4 Nc6 5. Nc3 a6 6. Nxc6 bxc6 7. Bd3 Qc7 8. O-O d5 9. Qe2 Bb7 10. Bd2 Nf6 11. Rfe1 Be7 12. Rad1 O-O $11 13. b3 Rfe8 14. e5 Nd7 15. Na4 c5 16. c4 d4 17. Nb2 a5 18. Bf4 Bf8 19. Qg4 g6 20. h4 Bg7 21. h5 a4 22. hxg6 fxg6 23. Nxa4 Bc6 24. Bc2 Bxa4 25. bxa4 Nb6 26. Rd3 Qf7 27. Rh3 Bf8 28. Bb3 Nxa4 29. Bd2 Nb6 30. Re4 Nd7 31. a4 Qf5 32. Qe2 Bg7 33. f4 Reb8 34. a5 Ra7 35. Ba4 Rb2 36. Rd3 Nf8 37. Bb5 Rxa5 38. g4 Ra1+ 39. Kg2 Qf7 40. Qf3 Qe7 41. g5 h6 42. Re2 Qf7 43. Ra3 Rxa3 44. Qxa3 Rxd2 45. Rxd2 Qxf4 46. Rf2 Qxg5+ 47. Kf1 Qxe5 48. Bc6 h5 49. Qf3 Qf5 50. Qd1 Qh3+ 51. Bg2 Qc3 52. Rc2 Qg3 53. Rf2 Nh7 54. Rf3 Qe5 55. Qd3 Ng5 56. Qxg6 Nxf3 57. Bxf3 h4 58. Kg2 Qf5 59. Qe8+ Kh7 60. Qc6 Kh6 61. Bd5 Qg6+ 0-1

[Event "Eurasia Open Cup 2019"]
[Site "Ekaterinburg"]
[Date "2019.08.05"]
[Round "5.39"]
[White "Bogachkova, Alena"]
[Black "Odegov, Artem"]
[Result "1/2-1/2"]
[ECO "B12"]
[WhiteElo "2085"]
[BlackElo "2261"]
[Annotator "NA"]
[PlyCount "63"]
[EventDate "2019.07.31"]
[EventType "swiss"]
[EventCountry "RUS"]
[SourceTitle "playchess.com"]
[Source "ChessBase"]
[SourceQuality "1"]
[TimeControl "5400+30"]

1. e4 c6 2. d4 d5 3. e5 Bf5 4. h4 h5 5. c4 e6 6. Nc3 Ne7 7. Bg5 Qb6 8. Qd2 Nd7 9. cxd5 Nxd5 10. Nxd5 cxd5 11. Ne2 Rc8 12. Nc3 f6 $11 13. Be3 Bb4 14. Rc1 Qa5 15. exf6 gxf6 16. Bd3 Bxd3 17. Qxd3 Bxc3+ 18. Rxc3 Rxc3 19. bxc3 Kf7 20. O-O Qxa2 21. Rb1 Nb6 22. Bf4 Qa4 23. Rb5 e5 24. Bxe5 fxe5 25. Qf5+ Kg8 26. Qe6+ Kf8 27. Qf6+ Kg8 28. Qg6+ Kf8 29. Qf6+ Kg8 30. Qg6+ Kf8 31. Qf6+ Kg8 32. Qg6+ 1/2-1/2

[Event "Eurasia Open Cup 2019"]
[Site "Ekaterinburg"]
[Date "2019.08.05"]
[Round "5.40"]
[White "Zasukhin, Vadim"]
[Black "Chekletsov, Egor"]
[Result "1-0"]
[ECO "B41"]
[WhiteElo "2249"]
[BlackElo "2088"]
[Annotator "ChessBase"]
[PlyCount "51"]
[EventDate "2019.07.31"]
[EventType "swiss"]
[EventCountry "RUS"]
[SourceTitle "playchess.com"]
[Source "ChessBase"]
[SourceQuality "1"]
[TimeControl "5400+30"]

1. e4 c5 2. Nf3 e6 3. c4 a6 4. Nc3 Qc7 5. d4 cxd4 6. Nxd4 Nf6 7. Qd3 Nc6 8. Nxc6 dxc6 9. f4 e5 10. f5 Bc5 11. Be3 Qb6 12. Bxc5 Qxc5 13. O-O-O O-O 14. Qd6 Nxe4 15. Nxe4 Qe3+ 16. Nd2 Bxf5 17. Qa3 Qh6 18. Qf3 Qg6 19. Be2 Rad8 20. g4 Bc2 21. Rde1 f5 22. Kxc2 fxg4+ 23. Bd3 gxf3 24. Bxg6 f2 25. Rxe5 hxg6 26. Rf1 1-0

[Event "Eurasia Open Cup 2019"]
[Site "Ekaterinburg"]
[Date "2019.08.05"]
[Round "5.41"]
[White "Abramov, Ilya"]
[Black "Akhtariev, Andrey"]
[Result "0-1"]
[ECO "A41"]
[WhiteElo "2065"]
[BlackElo "2243"]
[Annotator "NA"]
[PlyCount "86"]
[EventDate "2019.07.31"]
[EventType "swiss"]
[EventCountry "RUS"]
[SourceTitle "playchess.com"]
[Source "ChessBase"]
[SourceQuality "1"]
[TimeControl "5400+30"]

1. d4 c6 2. c4 d6 3. Nc3 Qc7 4. g3 e5 5. Bg2 Ne7 6. Nf3 Be6 7. b3 h6 8. O-O Ng6 9. Bb2 Be7 10. Ne1 O-O 11. e3 f5 12. f4 e4 13. Qh5 Nh8 14. d5 cxd5 15. cxd5 Bd7 16. Rc1 Qb6 $11 17. Nc2 Kh7 18. Rfd1 Na6 19. Bf1 g5 20. Bb5 Bxb5 21. Nxb5 Qxb5 22. Bxh8 gxf4 23. exf4 Nc5 24. Ne3 Qe8 25. Qxe8 Raxe8 26. Bd4 b6 27. b4 Na6 28. a3 Kg6 29. Rc6 Rd8 30. Kf2 Rd7 31. Rdc1 Rfd8 32. h3 h5 33. g4 hxg4 34. hxg4 Bh4+ 35. Kg2 fxg4 36. Rh1 Be7 37. Kg3 Nc7 38. f5+ Kf7 39. Rh7+ Ke8 40. f6 Bxf6 41. Rxd7 Kxd7 42. Bxf6 Rf8 43. Bg5 Nxd5 0-1

[Event "Eurasia Open Cup 2019"]
[Site "Ekaterinburg"]
[Date "2019.08.05"]
[Round "5.42"]
[White "Vinokur, Yuliya"]
[Black "Schepetkova, Margarita"]
[Result "0-1"]
[ECO "A62"]
[WhiteElo "2013"]
[BlackElo "2241"]
[Annotator "NA"]
[PlyCount "94"]
[EventDate "2019.07.31"]
[EventType "swiss"]
[EventCountry "RUS"]
[SourceTitle "playchess.com"]
[Source "ChessBase"]
[SourceQuality "1"]
[TimeControl "5400+30"]

1. d4 Nf6 2. c4 e6 3. g3 c5 4. d5 exd5 5. cxd5 d6 6. Bg2 g6 7. Nc3 Bg7 8. Nf3 O-O 9. O-O Re8 10. Nd2 Nbd7 11. Nc4 Ne5 12. Nxe5 Rxe5 13. Bf4 Re8 14. e4 a6 15. a4 Rb8 16. Qd3 Ng4 17. Rfe1 g5 18. Be3 Qf6 19. f3 Nxe3 20. Rxe3 h5 21. Kh1 h4 22. gxh4 gxh4 23. Rg1 b5 24. axb5 axb5 25. Ne2 c4 26. Qa3 b4 27. Qa2 Qxb2 28. Qxc4 Qd2 29. Qc1 Qxc1 30. Rxc1 Bd7 31. Rb1 Ba4 32. f4 Bc2 33. Re1 b3 34. e5 b2 35. Nc3 Rb3 36. Bh3 Rxc3 37. Rxc3 b1=Q 38. Rxb1 Bxb1 39. Re3 dxe5 40. d6 e4 41. d7 Rd8 42. Bf5 Bf6 43. Kg2 Bd3 44. Re1 Bb5 45. Rd1 e3 46. Kf3 e2 47. Rc1 Bc3 0-1